| TOP OF THE 1ST |
|
Rochester Red Wings batting - Pitching for Tidewater Tides : LHP Gustavo Santiago
|
|
Pitching: LHP Gustavo Santiago
|
|
|
Batting: RHB Gerry Davis
|
0-0: Called Strike 0-1: Foul Ball, location: 2F 0-2: Foul Ball, location: 2F 0-2: Ball 1-2: Ground out 5-3 (Groundball, 56, EV 88.1 MPH)
|
|
Batting: SHB Jordan Ayala
|
0-0: DOUBLE (Line Drive, 3D, EV 98.8 MPH)
|
|
Batting: RHB Johnnie LeMaster
|
0-0: Ball 1-0: Ball Jordan Ayala is caught stealing 3rd base 2-5 2-0: Foul Ball, location: 2F 2-1: Fly out, F8 (Flyball, 8LD, EV 84.4 MPH)
|
| Top of the 1st over - 0 runs, 1 hit, 0 errors, 0 left on base; Rochester 0 - Tidewater 0 |
| BOTTOM OF THE 1ST |
|
Tidewater Tides batting - Pitching for Rochester Red Wings : LHP Alex Gonzales
|
|
Pitching: LHP Alex Gonzales
|
|
|
Batting: RHB Anthony Lachowetz
|
0-0: Called Strike 0-1: Ball 1-1: Ground out 6-3 (Groundball, 6M, EV 106.3 MPH)
|
|
Batting: RHB German Rivera
|
0-0: Ball 1-0: Called Strike 1-1: Called Strike 1-2: Ground out 6-3 (Groundball, 6, EV 104.4 MPH)
|
|
Batting: RHB Brad Komminsk
|
0-0: Called Strike 0-1: Ball 1-1: Swinging Strike 1-2: Ground out U3 (Groundball, 3S, EV 81.9 MPH)
|
| Bottom of the 1st over - 0 runs, 0 hits, 0 errors, 0 left on base; Rochester 0 - Tidewater 0 |
| TOP OF THE 2ND |
|
Rochester Red Wings batting - Pitching for Tidewater Tides : LHP Gustavo Santiago
|
|
Batting: RHB Joe Carter
|
0-0: Foul Ball, location: 2F 0-1: Ball 1-1: Ball 2-1: Fly out, F9 (Flyball, 9D, EV 98.1 MPH)
|
|
Batting: RHB Chris Johnston
|
0-0: Foul Ball, location: 2F 0-1: Swinging Strike 0-2: Foul Ball, location: 2F 0-2: Foul Ball, location: 2F 0-2: Strikes out looking
|
|
Batting: RHB Edwin Agudelo
|
0-0: Ground out 5-3 (Groundball, 56, EV 83.8 MPH)
|
| Top of the 2nd over - 0 runs, 0 hits, 0 errors, 0 left on base; Rochester 0 - Tidewater 0 |
| BOTTOM OF THE 2ND |
|
Tidewater Tides batting - Pitching for Rochester Red Wings : LHP Alex Gonzales
|
|
Batting: LHB Dave Kable
|
0-0: Foul Ball, location: 2F 0-1: SINGLE (Line Drive, 7LS, EV 112.5 MPH)
|
|
Batting: RHB Mike Rex
|
0-0: Ball Wild Pitch! Dave Kable to second 1-0: Foul Ball, location: 2F 1-1: Swinging Strike 1-2: Foul Ball, location: 2F 1-2: Ground out 4-3 (Groundball, 4, EV 100.6 MPH) Dave Kable to third
|
|
Batting: RHB George Gomez
|
0-0: Ball 1-0: Fly out, F7 (Flyball, 7LS, EV 91.9 MPH)
|
|
Batting: RHB Thomas Walker
|
0-0: Ball 1-0: Swinging Strike 1-1: Ball 2-1: Foul Ball, location: 2F 2-2: Foul Ball, location: 2F 2-2: Ball 3-2: Foul Ball, location: 2F 3-2: Foul Ball, location: 2F 3-2: DOUBLE (Line Drive, 7LD, EV 107.5 MPH) Dave Kable scores
|
|
Batting: SHB Julio Valdez
|
0-0: Ball 1-0: Ball 2-0: Called Strike 2-1: Foul Ball, location: 2F 2-2: Foul Ball, location: 2F 2-2: Ball 3-2: Base on Balls
|
|
Batting: RHB Steve Liddle
|
0-0: Ball 1-0: Swinging Strike 1-1: Fielders Choice at 2nd, U6 (Groundball, 6M, EV 102.5 MPH)
|
| Bottom of the 2nd over - 1 run, 2 hits, 0 errors, 2 left on base; Rochester 0 - Tidewater 1 |
| TOP OF THE 3RD |
|
Rochester Red Wings batting - Pitching for Tidewater Tides : LHP Gustavo Santiago
|
|
Batting: LHB Ed Amelung
|
0-0: Called Strike 0-1: DOUBLE (Line Drive, 78XD, EV 106.9 MPH)
|
|
Batting: RHB Tom Brookens
|
0-0: Ball 1-0: Swinging Strike 1-1: Foul Ball, location: 2F 1-2: Fly out, F4 (Popup, 4, EV 60.0 MPH)
|
|
Batting: RHB Jerry Dybzinski
|
0-0: Ball 1-0: Swinging Strike 1-1: Fly out, F9 (Flyball, 9, EV 91.3 MPH) Runner from 2nd tags up, SAFE at 3rd with throw by RF
|
|
Batting: RHB Gerry Davis
|
0-0: Fly out, F9 (Flyball, 9, EV 88.1 MPH)
|
| Top of the 3rd over - 0 runs, 1 hit, 0 errors, 1 left on base; Rochester 0 - Tidewater 1 |
| BOTTOM OF THE 3RD |
|
Tidewater Tides batting - Pitching for Rochester Red Wings : LHP Alex Gonzales
|
|
Batting: RHB Anthony Lachowetz
|
0-0: Called Strike 0-1: Swinging Strike 0-2: Ball 1-2: Foul Ball, location: 2F 1-2: Ground out 4-3 (Groundball, 4, EV 87.5 MPH)
|
|
Batting: RHB German Rivera
|
0-0: Ball 1-0: Fly out, F7 (Flyball, 7S, EV 91.3 MPH)
|
|
Batting: RHB Brad Komminsk
|
0-0: Called Strike 0-1: Called Strike 0-2: SINGLE (Line Drive, 56, EV 98.1 MPH)
|
|
Batting: LHB Dave Kable
|
0-0: Called Strike 0-1: Foul Ball, location: 2F 0-2: Strikes out swinging
|
| Bottom of the 3rd over - 0 runs, 1 hit, 0 errors, 1 left on base; Rochester 0 - Tidewater 1 |
| TOP OF THE 4TH |
|
Rochester Red Wings batting - Pitching for Tidewater Tides : LHP Gustavo Santiago
|
|
Batting: SHB Jordan Ayala
|
0-0: Called Strike 0-1: Foul Ball, location: 2F 0-2: Strikes out looking
|
|
Batting: RHB Johnnie LeMaster
|
0-0: Foul Ball, location: 2F 0-1: Called Strike 0-2: Ball 1-2: Ball 2-2: Strikes out swinging
|
|
Batting: RHB Joe Carter
|
0-0: Foul Ball, location: 2F 0-1: Ground out 5-3 (Groundball, 56S, EV 89.4 MPH)
|
| Top of the 4th over - 0 runs, 0 hits, 0 errors, 0 left on base; Rochester 0 - Tidewater 1 |
| BOTTOM OF THE 4TH |
|
Tidewater Tides batting - Pitching for Rochester Red Wings : LHP Alex Gonzales
|
|
Batting: RHB Mike Rex
|
0-0: Ball 1-0: Called Strike 1-1: Ball 2-1: Ball 3-1: SINGLE (Line Drive, 4D, EV 96.9 MPH)
|
|
Batting: RHB George Gomez
|
0-0: Called Strike 0-1: Ball 1-1: Foul Ball, location: 2F 1-2: Fly out, F7 (Flyball, 7LM, EV 92.5 MPH)
|
|
Batting: RHB Thomas Walker
|
0-0: Reached on error, E5 (Line Drive, 5, EV 60.0 MPH) Mike Rex to second
|
|
Batting: SHB Julio Valdez
|
0-0: Called Strike 0-1: Ball 1-1: Foul Ball, location: 2F 1-2: Ball 2-2: Ball 3-2: 3-RUN HOME RUN (Flyball, 7D, EV 96.9 MPH), Distance : 355 ft
|
|
Batting: RHB Steve Liddle
|
0-0: Fly out, F9 (Line Drive, 9D, EV 93.8 MPH)
|
|
Batting: RHB Anthony Lachowetz
|
0-0: Ball 1-0: Called Strike 1-1: Ball 2-1: Ball 3-1: Ground out 4-3 (Groundball, 34, EV 91.9 MPH)
|
| Bottom of the 4th over - 3 runs, 2 hits, 1 error, 0 left on base; Rochester 0 - Tidewater 4 |
| TOP OF THE 5TH |
|
Rochester Red Wings batting - Pitching for Tidewater Tides : LHP Gustavo Santiago
|
|
Batting: RHB Chris Johnston
|
0-0: Foul Ball, location: 2F 0-1: Foul Ball, location: 2F 0-2: Hit by Pitch
|
|
Batting: RHB Edwin Agudelo
|
0-0: Ball 1-0: Bunt - Flyout to 23 - DP at third! 3-4
|
|
Batting: LHB Ed Amelung
|
0-0: Foul Ball, location: 2F 0-1: Foul Ball, location: 2F 0-2: Foul Ball, location: 2F 0-2: Ball 1-2: Ball 2-2: Ball 3-2: Strikes out looking
|
| Top of the 5th over - 0 runs, 0 hits, 0 errors, 0 left on base; Rochester 0 - Tidewater 4 |
| BOTTOM OF THE 5TH |
|
Tidewater Tides batting - Pitching for Rochester Red Wings : LHP Alex Gonzales
|
|
Batting: RHB German Rivera
|
0-0: Foul Ball, location: 2F 0-1: Called Strike 0-2: Ball 1-2: Ground out 1-3 (Groundball, 15S, EV 71.9 MPH)
|
|
Batting: RHB Brad Komminsk
|
0-0: Called Strike 0-1: Ball 1-1: Ground out U3 (Groundball, 34, EV 84.4 MPH)
|
|
Batting: LHB Dave Kable
|
0-0: Ball 1-0: Called Strike 1-1: Called Strike 1-2: Strikes out swinging
|
| Bottom of the 5th over - 0 runs, 0 hits, 0 errors, 0 left on base; Rochester 0 - Tidewater 4 |
| TOP OF THE 6TH |
|
Rochester Red Wings batting - Pitching for Tidewater Tides : LHP Gustavo Santiago
|
|
Batting: RHB Tom Brookens
|
0-0: Ball 1-0: Fly out, F9 (Flyball, 9S, EV 73.8 MPH)
|
|
Batting: RHB Jerry Dybzinski
|
0-0: Foul Ball, location: 2F 0-1: Foul Ball, location: 2F 0-2: Ground out U3 (Groundball, 3, EV 99.4 MPH)
|
|
Batting: RHB Gerry Davis
|
0-0: Foul Ball, location: 2F 0-1: Foul Ball, location: 2F 0-2: Strikes out swinging
|
| Top of the 6th over - 0 runs, 0 hits, 0 errors, 0 left on base; Rochester 0 - Tidewater 4 |
| BOTTOM OF THE 6TH |
|
Tidewater Tides batting - Pitching for Rochester Red Wings : LHP Alex Gonzales
|
|
Batting: RHB Mike Rex
|
0-0: Ball 1-0: Ground out 6-3 (Groundball, 56, EV 96.9 MPH)
|
|
Batting: RHB George Gomez
|
0-0: Foul Ball, location: 2F 0-1: SINGLE (Line Drive, 8RS, EV 93.8 MPH)
|
|
Batting: RHB Thomas Walker
|
0-0: Reached on error, E4 (Groundball, 4, EV 93.8 MPH) George Gomez to second
|
|
Batting: SHB Julio Valdez
|
0-0: Ball 1-0: Called Strike 1-1: Foul Ball, location: 2F 1-2: Foul Ball, location: 2F 1-2: Fly out, F9 (Flyball, 9LD, EV 86.3 MPH) Runner from 2nd tags up, SAFE at 3rd, no throw by RF
|
|
Batting: RHB Steve Liddle
|
0-0: Ball 1-0: Fielders Choice at 2nd, 6-4 (Groundball, 6, EV 89.4 MPH)
|
| Bottom of the 6th over - 0 runs, 1 hit, 1 error, 2 left on base; Rochester 0 - Tidewater 4 |
| TOP OF THE 7TH |
|
Rochester Red Wings batting - Pitching for Tidewater Tides : LHP Gustavo Santiago
|
|
Batting: SHB Jordan Ayala
|
0-0: Called Strike 0-1: Ball 1-1: Foul Ball, location: 2F 1-2: Foul Ball, location: 2F 1-2: Foul Ball, location: 2F 1-2: Ball 2-2: Ball 3-2: Fly out, F8 (Line Drive, 8LD, EV 88.8 MPH)
|
|
Batting: RHB Johnnie LeMaster
|
0-0: Called Strike 0-1: Ball 1-1: SINGLE (Flyball, 6MD, EV 97.5 MPH)
|
|
Batting: RHB Joe Carter
|
0-0: Ball 1-0: Ball 2-0: Ball 3-0: Swinging Strike 3-1: Foul Ball, location: 2F 3-2: Base on Balls Johnnie LeMaster to second
|
|
Batting: RHB Chris Johnston
|
0-0: Called Strike 0-1: Ball 1-1: Ball 2-1: Swinging Strike 2-2: SINGLE (Line Drive, 89S, EV 96.9 MPH) Johnnie LeMaster to third Joe Carter to second Runner from 3rd tries for Home, SAFE, throw by RF to home
|
|
Batting: RHB Edwin Agudelo
|
0-0: Ball Chris Johnston steals 2nd base (no throw) Joe Carter steals 3rd base 1-0: Called Strike 1-1: Ball 2-1: Foul Ball, location: 2F 2-2: Ground out 6-3 (Groundball, 6, EV 79.4 MPH) Joe Carter scores
|
|
Batting: LHB Ed Amelung
|
0-0: Ball 1-0: Ball 2-0: Called Strike 2-1: Ball 3-1: Called Strike 3-2: Fly out, F7 (Flyball, 7, EV 90.6 MPH)
|
| Top of the 7th over - 2 runs, 2 hits, 0 errors, 1 left on base; Rochester 2 - Tidewater 4 |
| BOTTOM OF THE 7TH |
|
Tidewater Tides batting - Pitching for Rochester Red Wings : LHP Alex Gonzales
|
|
Batting: RHB Anthony Lachowetz
|
0-0: Swinging Strike 0-1: Called Strike 0-2: Ball 1-2: Strikes out swinging
|
|
Batting: RHB German Rivera
|
0-0: Ball 1-0: Ball 2-0: Swinging Strike 2-1: Fly out, F8 (Flyball, 8LM, EV 86.3 MPH)
|
|
Batting: RHB Brad Komminsk
|
0-0: Called Strike 0-1: Swinging Strike 0-2: DOUBLE (Flyball, 8LXD, EV 107.5 MPH)
|
|
Batting: LHB Dave Kable
|
0-0: Foul Ball, location: 2F 0-1: Foul Ball, location: 2F 0-2: Strikes out swinging
|
| Bottom of the 7th over - 0 runs, 1 hit, 0 errors, 1 left on base; Rochester 2 - Tidewater 4 |
| TOP OF THE 8TH |
|
Rochester Red Wings batting - Pitching for Tidewater Tides : LHP Gustavo Santiago
|
|
Now in RF: Juan Garcia
|
|
|
Batting: RHB Tom Brookens
|
0-0: Fly out, F8 (Flyball, 8RD, EV 87.5 MPH)
|
|
Batting: RHB Jerry Dybzinski
|
0-0: Ball 1-0: Called Strike 1-1: Called Strike 1-2: Ground out 5-3 (Groundball, 56S, EV 79.4 MPH)
|
|
Batting: RHB Gerry Davis
|
0-0: Foul Ball, location: 2F 0-1: SINGLE (Line Drive, 8LS, EV 95.0 MPH)
|
|
Batting: SHB Jordan Ayala
|
0-0: Called Strike 0-1: Reached on error, E5 (Groundball, 56, EV 106.3 MPH) Gerry Davis to second
|
|
Pinch Hitting: RHB Bob Pate
|
0-0: Ball 1-0: Foul Ball, location: 2F 1-1: Swinging Strike 1-2: Strikes out looking
|
| Top of the 8th over - 0 runs, 1 hit, 1 error, 2 left on base; Rochester 2 - Tidewater 4 |
| BOTTOM OF THE 8TH |
|
Tidewater Tides batting - Pitching for Rochester Red Wings : LHP Alex Gonzales
|
|
Now at 2B: Dave Miele
|
|
|
Batting: RHB Mike Rex
|
0-0: Ball 1-0: Called Strike 1-1: Ground out U3 (Groundball, 34S, EV 67.5 MPH)
|
|
Batting: RHB Juan Garcia
|
0-0: Called Strike 0-1: Foul Ball, location: 2F 0-2: Fly out, F4 (Flyball, 4D, EV 93.8 MPH)
|
|
Batting: RHB Thomas Walker
|
0-0: Ball 1-0: Foul Ball, location: 2F 1-1: Ball 2-1: Foul Ball, location: 2F 2-2: Foul Ball, location: 2F 2-2: Ball 3-2: Strikes out swinging
|
| Bottom of the 8th over - 0 runs, 0 hits, 0 errors, 0 left on base; Rochester 2 - Tidewater 4 |
| TOP OF THE 9TH |
|
Rochester Red Wings batting - Pitching for Tidewater Tides : LHP Gustavo Santiago
|
|
Pitching: RHP Salome Barojas
|
|
|
Batting: RHB Joe Carter
|
0-0: Called Strike 0-1: Swinging Strike 0-2: Strikes out looking
|
|
Batting: RHB Chris Johnston
|
0-0: SINGLE (Line Drive, 8LS, EV 107.5 MPH)
|
|
Pinch Hitting: RHB Pat Casey
|
0-0: Called Strike 0-1: Foul Ball, location: 2F 0-2: Ball 1-2: Ball 2-2: Foul Ball, location: 2F 2-2: Fly out, F7 (Flyball, 78D, EV 95.6 MPH)
|
|
Batting: LHB Ed Amelung
|
0-0: Swinging Strike 0-1: Swinging Strike 0-2: SINGLE (Groundball, 6MD, EV 104.4 MPH) Chris Johnston to second
|
|
Pinch Hitting: RHB Marc Rhea
|
0-0: Called Strike 0-1: Swinging Strike 0-2: Fielders Choice at 2nd, 6-4 (Groundball, 6, EV 101.9 MPH)
|
| Top of the 9th over - 0 runs, 2 hits, 0 errors, 2 left on base; Rochester 2 - Tidewater 4 |
|